 Dungeon Crawl Stone Soup version 0.18-a0-1666-g3ea6f2b (webtiles) character file.

11 Yawgmoth the Digger (level 2, 15/15 HPs)
             Began as a Gargoyle Earth Elementalist on Mar 31, 2016.
             Quit the game on level 1 of the Dungeon.
             The game lasted 00:01:58 (275 turns).

Yawgmoth the Digger (Gargoyle Earth Elementalist)    Turns: 275, Time: 00:01:58

Health: 15/15      AC:  5    Str: 11    XL:     2   Next: 25%
Magic:  5/5        EV: 12    Int: 15    God:
Gold:   20         SH:  0    Dex: 10    Spells: 1 memorised, 4 levels left

rFire  . . .     SeeInvis .     h - -2 hunting sling (curse)
rCold  . . .     Gourm    .     a - +1 robe
rNeg   + . .     Faith    .     (no shield)
rPois  ∞         Spirit   .     (no helmet)
rElec  +         Dismiss  .     (no cloak)
rCorr  .         Reflect  .     (no gloves)
SustAt .         Harm     .     (no boots)
MR     .....                    (no amulet)
Stlth  ++........               (no ring)
                                (no ring)

@: not resistant to hostile enchantments, unstealthy
A: negative energy resistance 1, electricity resistance, unbreathing,
petrification resistance, rot immunity, AC +2
a: no special abilities


You were on level 1 of the Dungeon.
You were not hungry.

You visited 1 branch of the dungeon, and saw 1 of its levels.

You collected 20 gold pieces.

Inventory:

Hand Weapons
 h - a cursed -2 hunting sling (weapon)
Missiles
 b - 16 stones (quivered)
Armour
 a - a +1 robe (worn)
 g - a +0 scale mail
Potions
 e - a potion of heal wounds {unknown}
Books
 c - a book of Geomancy

   Spells                             Type                      Level
   a - Sandblast                      Earth                        1
   b - Passwall                       Transmutation/Earth          2
   c - Stone Arrow                    Conjuration/Earth            3
   d - Petrify                        Transmutation/Earth          4
   e - Lee's Rapid Deconstruction     Earth                        5
Comestibles
 d - 2 bread rations
 f - a chunk of flesh


   Skills:
 - Level 1.6 Dodging
 - Level 2.1 Stealth
 + Level 2.3 Spellcasting
   Level 0.7 Transmutations
 + Level 4.0 Earth Magic


You had 4 spell levels left.
You knew the following spells:

 Your Spells              Type           Power        Failure   Level  Hunger
a - Sandblast             Erth           ##....       4%          1    #......


Dungeon Overview and Level Annotations

Branches:
Dungeon (1/15)

Altars:


Innate Abilities, Weirdness & Mutations

You are resistant to torment.
Your stone body is resilient (AC +2).
You are immune to poison.
You resist negative energy.
You are resistant to electric shocks.
You can survive without breathing.
You are immune to petrification.
You are immune to rotting.


Message History

Confirm with . or Enter, or press ? or * to list all spells.
You can't see any susceptible monsters within range! (Use Z to cast anyway.) Unknown command.
b - 5 stones You see here a club.
Found a bread ration.
b - 14 stones (gained 9)
b - 15 stones (gained 1)
b - 16 stones (gained 1)
Found a scroll labeled DUSESKONIPH.
Some of the chunks of flesh in your inventory have rotted away.
d - 2 bread rations (gained 1)
i - a scroll labeled DUSESKONIPH Read which item? (? for menu, Esc to quit)
As you read the scroll labeled DUSESKONIPH, it crumbles to dust.
It is a scroll of enchant armour.
Enchant which item? (? for menu, Esc to quit)
Your +0 robe glows green for a moment.
A bat comes into view.
Are you sure you want to abandon this character and quit the game? (Confirm with "yes".)

########...##
......###.## #####.#
#.# . #.# #.# .. #.#
#.# .. #####.# #.#
.. ......# #.### .#
####..###...######b#
#÷...........@..#
#####.###########..#
......# .#.# #######
.# .. .## .# .# ..#
.. # ..# ##### ##
..#######.<.#
........#...#


You could see a bat.

Vanquished Creatures
  An ooze (D:1)
  A bat (D:1)
  2 hobgoblins (D:1)
  A giant newt (D:1)
  A rat (D:1)
6 creatures vanquished.

Notes
Turn   | Place    | Note
--------------------------------------------------------------
     0 | D:1      | Yawgmoth the Gargoyle Earth Elementalist began the quest for the Orb.
     0 | D:1      | Reached XP level 1. HP: 10/10 MP: 3/3
    79 | D:1      | Reached XP level 2. HP: 15/15 MP: 0/5
   164 | D:1      | Reached skill level 4 in Earth Magic
   275 | D:1      | Quit the game

Vault maps used:
D:1:      wheals_arrival_shading

Skill      XL: |  1  2 |
---------------+-------+-----
Earth Magic    | 4 |  4.0
Dodging        | |  1.6
Stealth        | |  2.1
Spellcasting   | |  2.3
Transmutations | |  0.7

Action                   || total
-------------------------++-------
 Fire: Hunting sling     ||    16
 Cast: Sandblast         ||    11
  Use: Scroll            ||     1
